 Dungeon Crawl Stone Soup version 0.25.0-1-g7eea58d (webtiles) character file.

Game seed: 15306531192806858552

80 ItisI the Chopper (level 4, -4/37 HPs)
             Began as a Minotaur Gladiator on June 28, 2020.
             Was an Initiate of Okawaru.
             Killed by divine providence
             ... invoked by an orc priest
              (13 damage)
             ... on level 3 of the Dungeon.
             The game lasted 00:19:27 (1399 turns).

ItisI the Chopper (Minotaur Gladiator)              Turns: 1399, Time: 00:19:28

Health: -4/37      AC:  4    Str: 19    XL:     4   Next: 18%
Magic:  3/3        EV: 13    Int:  6    God:    Okawaru [......]
Gold:   63         SH:  0    Dex: 11    Spells: 3/3 levels left

rFire    . . .     SeeInvis .   a - +0 war axe
rCold    . . .     Gourm    .   (no shield)
rNeg     . . .     Faith    .   b - +0 leather armour
rPois    .         Spirit   .   c - +0 hat
rElec    .         Reflect  .   e - +0 cloak
rCorr    .         Harm     .   (no gloves)
MR       +....                  (no boots)
Stlth    +.........             (no amulet)
HPRegen  0.12/turn              l - ring of protection from magic
MPRegen  0.08/turn              (no ring)

@: no status effects
A: retaliatory headbutt, horns 2
a: Renounce Religion


You were on level 3 of the Dungeon.
You worshipped Okawaru.
Okawaru was noncommittal.
You were not hungry.

You visited 1 branch of the dungeon, and saw 3 of its levels.

You collected 63 gold pieces.

Inventory:

Hand Weapons
 a - a +0 war axe (weapon)
Missiles
 d - 3 throwing nets
 h - 10 stones (quivered)
 j - 5 boomerangs
Armour
 b - a +0 leather armour (worn)
 c - a +0 hat (worn)
 e - a +0 cloak (worn)
Jewellery
 l - a ring of protection from magic (left hand)
Potions
 g - a potion of curing
 k - a potion of stabbing {unknown}
 m - a potion of lignification {unknown}
 n - a potion of berserk rage {unknown}
Comestibles
 f - 4 rations
 i - 2 chunks of flesh


   Skills:
 * Level 2.7 Fighting
 * Level 4.4 Axes
 * Level 2.7 Throwing
 * Level 1.1 Armour
 * Level 3.9 Dodging
 * Level 1.0 Unarmed Combat


You had 3 spell levels left.
You didn't know any spells.
Your spell library was empty.

Dungeon Overview and Level Annotations

Branches:
Dungeon (3/15)

Altars:
Okawaru


Innate Abilities, Weirdness & Mutations

You reflexively headbutt those who attack you in melee.
You have a pair of horns on your head.


Message History

You climb downwards. 2 hobgoblins, a kobold and an orc priest come into view.
The hobgoblin shouts!
The kobold shouts!
You hear an angry hiss.
You hear a shout!
Found a fuming white potion and a hunting sling.
There is a stone staircase leading up here.
It was a potion of curing.
You feel better.
The hobgoblin shouts!
Unknown command.
Throwing (i - inventory. (/) - cycle)
h - 11 stones (quivered)
Press: ? - help, Shift-Dir - straight line, f - hobgoblin
Aim: a hobgoblin, wielding a +0 club You throw a stone.
The stone barely misses the hobgoblin.
The stone closely misses the kobold.
An orc comes into view. It is wielding a +0 flail.
You are too injured to fight recklessly!
You closely miss the hobgoblin.
The orc priest invokes the aid of Beogh against you.
Beogh smites you!
You die...

#(.......
+........ #
####K....g.. #.
#)..........
#..#.......!...
#..............
#.....g.......
#.....@....#
........#...#
###.#...# ....o
# #.### ..o. #+
... .. +


You could see an orc priest, an orc, 2 hobgoblins and a kobold.

Vanquished Creatures
  4 gnolls (D:2)
  A dart slug (D:1)
  2 leopard geckos
  4 bats
  3 giant cockroaches
  4 goblins
  6 hobgoblins
  5 frilled lizards
  A kobold (D:2)
  11 rats
41 creatures vanquished.

Notes
Turn   | Place    | Note
-------+----------+-------------------------------------------
     0 | D:1      | ItisI the Minotaur Gladiator began the quest for the Orb.
     0 | D:1      | Reached XP level 1. HP: 18/18 MP: 0/0
   197 | D:1      | Reached XP level 2. HP: 24/25 MP: 1/1
   367 | D:1      | Reached skill level 4 in Axes
   722 | D:2      | Found an iron altar of Okawaru.
   724 | D:2      | Became a worshipper of Warmaster Okawaru
   728 | D:2      | Reached XP level 3. HP: 30/30 MP: 2/2
   915 | D:2      | Reached skill level 1 in Armour
   922 | D:2      | Reached skill level 1 in Unarmed Combat
   922 | D:2      | Reached XP level 4. HP: 15/37 MP: 3/3
  1399 | D:3      | Killed from afar by an orc priest

Illustrated notes

Levels and vault maps discovered:
D:1:      lightli_arrival_statuegarden, layout_basic, hex_intersection,
          minmay_misc_feat_cross, bh_walls_and_bars
D:2:      layout_basic, first_ration, okawaru_metal_pillars_1_2
D:3:      layout_basic

Skill      XL: |  1  2  3 |
---------------+----------+-----
Axes           | 4 |  4.4
Armour         | 1 |  1.1
Unarmed Combat | 1 |  1.0
Fighting       | |  2.7
Throwing       | |  2.7
Dodging        | |  3.9

Action                   |  1- 3 |  4- 6 || total
-------------------------+-------+-------++-------
Melee: War axe           |    40 |    11 ||    51
       Headbutt          |    10 |     2 ||    12
Throw: Stone             |    94 |    21 ||   115
  Use: Scroll            |     2 |     2 ||     4
       Potion            |       |     1 ||     1
  Eat: Chunk             |       |     1 ||     1
Armor: Leather armour    |     6 |     1 ||     7
Dodge: Dodged            |    26 |    16 ||    42
